 Dungeon Crawl Stone Soup version 0.22.1-6-g1668fe2 (webtiles) character file.

184173 coffee the Unseen (level 17, -3/85 HPs)
             Began as a Spriggan Warper on Jan 26, 2019.
             Was an Initiate of Gozag.
             Slain by an emperor scorpion (31 damage)
             ... on level 4 of the Spider Nest.
             The game lasted 03:23:17 (56997 turns).

coffee the Unseen (Spriggan Warper)                Turns: 56997, Time: 03:23:17

Health: -3/85      AC:  7    Str: 11    XL:     17   Next: 38%
Magic:  24/28      EV: 36    Int: 19    God:    Gozag
Gold:   2128       SH: 10    Dex: 24    Spells: 25/30 levels left

rFire    . . .     SeeInvis +   K - +3 rapier (venom)
rCold    . . .     Gourm    .   Y - +1 buckler {rPois}
rNeg     . . .     Faith    .   O - +2 robe {MR+}
rPois    +         Spirit   .   v - +0 hat
rElec    +         Reflect  .   h - +1 cloak {MR+}
rCorr    .         Harm     +   (gloves unavailable)
MR       +++++                  (boots unavailable)
Stlth    ++++++++..             u - amulet of harm
HPRegen  0.24/turn              A - ring of Ygo Voch {rElec Int+3 Dex+2 Stlth+}
MPRegen  0.21/turn              U - +5 ring of dexterity

@: studying 2 skills, very quick
A: very small, unfitting armour, horns 1, see invisible, herbivore, speed 3,
magic resistance 1, shaggy fur 1, slow metabolism 2
}: 1/15 runes: gossamer
a: Potion Petition, Call Merchant, Bribe Branch, Renounce Religion


You were on level 4 of the Spider Nest.
You worshipped Gozag.
Gozag was most pleased with you.
You were hungry.

You visited 6 branches of the dungeon, and saw 29 of its levels.

You collected 9509 gold pieces.
You spent 2520 gold pieces at shops.
You paid 4861 gold pieces to Gozag.

Inventory:

Hand Weapons
 b - a +0 blowgun
 i - the +5 hunting sling "Xieman" {speed, rN+ Dex+2}
   (You found it on level 2 of the Spider Nest)

   Attacks with this weapon are significantly faster.
   It affects your dexterity (+2).
   It protects you from negative energy.
 G - a +0 dagger of chaos
 J - a +8 fustibalus
 K - a +3 rapier of venom (weapon)
 Q - the +10 dagger of Gloom {vamp, *Drain rElec rPois Int+4}
   (You bought it in a shop on level 6 of the Lair of Beasts)

   It inflicts no extra harm, but heals its wielder when it wounds a living foe.
   It affects your intelligence (+4).
   It insulates you from electricity.
   It protects you from poison.
   It causes draining when unequipped.
Missiles
 a - a throwing net
 g - 432 stones
 m - 37 tomahawks (quivered)
 w - 28 poisoned needles
 H - 2 curare-tipped needles
 V - 3 needles of confusion
 W - 16 sling bullets
Armour
 h - a +1 cloak of magic resistance (worn)
 v - a +0 hat (worn)
 O - a +2 robe of magic resistance (worn)
 Y - a +1 buckler of poison resistance (worn)
Jewellery
 u - an amulet of harm (around neck)
 x - a +3 amulet of reflection
 A - the ring of Ygo Voch (left hand) {rElec Int+3 Dex+2 Stlth+}
   (You bought it in a shop on level 10 of the Dungeon)

   [ring of stealth]

   It affects your intelligence (+3).
   It affects your dexterity (+2).
   It insulates you from electricity.
   It makes you more stealthy.
 M - an uncursed ring of resist corrosion
 N - a +4 ring of evasion
 U - a +5 ring of dexterity (right hand)
Wands
 n - a wand of random effects (15)
 q - a wand of iceblast (7)
 y - a wand of paralysis (10)
 B - a wand of flame (78)
 C - a wand of disintegration (4)
 L - a wand of digging (39)
 S - a wand of polymorph (1)
 T - a wand of acid (7)
Scrolls
 c - 4 scrolls of magic mapping
 e - a scroll of blinking
 s - 2 scrolls of fear
 z - 5 scrolls of teleportation
 E - 7 scrolls of remove curse
 P - a scroll of fog
Potions
 d - 4 potions of haste
 j - 2 potions of ambrosia
 l - 7 potions of curing
 o - a potion of cancellation
 r - 6 potions of might
 t - a potion of invisibility
 D - a potion of brilliance
 F - 4 potions of flight
 I - 4 potions of lignification
 R - a potion of resistance
 X - 3 potions of agility
Books
 k - a manual of Slings
 Z - a manual of Shields
Miscellaneous
 p - a lamp of fire (inert)
Comestibles
 f - 21 rations


   Skills:
 * Level 8.2 Fighting
 * Level 13.6 Short Blades
 * Level 15.7(17.7) Slings
 * Level 12.4(14.7) Throwing
 * Level 17.1 Dodging
 * Level 18.2 Stealth
 - Level 7.2 Shields
 - Level 7.0 Spellcasting
 - Level 9.2 Translocations
 + Level 7.9 Evocations


You had 25 spell levels left.
You knew the following spells:

 Your Spells              Type           Power        Failure   Level  Hunger
a - Blink                 Tloc           N/A          1%          2    None
b - Teleport Other        Tloc           #####...     1%          3    #......

Your spell library contained the following spells:

 Spells                   Type           Power        Failure   Level  Hunger
 Apportation              Tloc           #####.       1%          1    None
 Gell's Gravitas          Tloc           #####.....   1%          3    #......
 Lesser Beckoning         Tloc           #####.....   1%          3    #......
 Shroud of Golubria       Chrm/Tloc      ###.......   2%          2    None
 Passage of Golubria      Tloc           N/A          2%          4    ###....
 Corona                   Hex            #......      10%         1    None
 Freeze                   Ice            #...         10%         1    None
 Summon Butterflies       Summ           #.......     10%         1    None
 Summon Small Mammal      Summ           #...         10%         1    None
 Call Imp                 Summ           #.......     16%         2    None
 Ensorcelled Hibernation  Hex/Ice        #.....       16%         2    None
 Throw Frost              Conj/Ice       #.....       16%         2    None
 Call Canine Familiar     Summ           #.......     30%         3    #......
 Confuse                  Hex            #.......     30%         3    #......
 Dazzling Spray           Conj/Hex       #.....       30%         3    #......
 Ignite Poison            Fire/Tmut/Pois #.......     30%         3    #......
 Ozocubu's Armour         Chrm/Ice       #.......     30%         3    #......
 Summon Guardian Golem    Hex/Summ       #.......     30%         3    #......
 Tukima's Dance           Hex            #.......     30%         3    #......
 Summon Ice Beast         Ice/Summ       #.......     69%         4    ###....
 Summon Lightning Spire   Summ/Air       #.......     69%         4    ###....
 Throw Icicle             Conj/Ice       #.......     69%         4    ###....
 Alistair's Intoxication  Tmut/Pois      #.......     95%         5    #####..
 Bolt of Magma            Conj/Fire/Erth #.........   95%         5    #####..
 Fireball                 Conj/Fire      #.........   95%         5    #####..
 Iskenderun's Battlesphe  Conj/Chrm      #.......     95%         5    #####..
 Summon Mana Viper        Hex/Summ       #.......     95%         5    #####..
 Venom Bolt               Conj/Pois      #.........   95%         5    #####..
 Bolt of Fire             Conj/Fire      #.........   100%        6    ######.
 Invisibility             Hex            #.......     100%        6    ######.
 Iron Shot                Conj/Erth      #.........   100%        6    ######.
 Orb of Destruction       Conj           #.........   100%        7    #######
 Ring of Flames           Chrm/Fire      #.........   100%        7    #######
 Spellforged Servitor     Conj/Summ      #.........   100%        7    #######
 Summon Hydra             Summ           #.........   100%        7    #######
 Ignition                 Fire           #.........   100%        8    #######


Dungeon Overview and Level Annotations

Branches:
Dungeon (15/15)            Temple (1/1) D:4            Lair (6/6) D:9
 Shoals (0/4) Lair:3       Spider (4/4) Lair:3        Slime (2/5) Lair:5
    Orc (0/2) D:9          Vaults (0/5) D:14         Depths (1/5) D:15

Altars:
Ashenzari
Cheibriados
Dithmenos
Elyvilon
Gozag
Hepliaklqana
Kikubaaqudgha
Makhleb
Nemelex Xobeh
Qazlal
Ru
Uskayaw
Vehumet
Wu Jian
Xom
Yredelemnul
Zin
The Shining One

Shops:
D:7 *[   D:10 *(   D:11 [   D:12 ((   D:13 !=[![   D:14 }*   Lair:6 ?(
Spider:2 [

Annotations:
Lair:6 1 runed door, emiel's ghost, journeyman DsHu


Innate Abilities, Weirdness & Mutations

You are very small and have problems with some larger weapons.
You are too small for most types of armour.
You have supernaturally acute eyesight. (SInv)
You are a herbivore.
You cover ground extremely quickly.
You need to consume almost no food.
You have a pair of small horns on your head.
You are resistant to hostile enchantments. (MR+)
You are covered in fur. (AC +1)


Message History

The emperor scorpion is severely wounded.
You block the emperor scorpion's attack.
The emperor scorpion claws you!
You block the emperor scorpion's attack.
You hit the emperor scorpion but do no damage.
You headbutt the emperor scorpion.
The emperor scorpion is severely wounded.
You hit the emperor scorpion but do no damage.
You headbutt the emperor scorpion, but do no damage.
The emperor scorpion is severely wounded.
The emperor scorpion completely misses you.
You block the emperor scorpion's attack.
The emperor scorpion closely misses you.
You closely miss the emperor scorpion.
The emperor scorpion is severely wounded.
You hit the emperor scorpion.
The emperor scorpion is severely wounded.
The emperor scorpion stings you!!
You die...
Your body crumbles into a pile of gold.

#######≈..###########...........
##.#^#≈.≈....#^#^#^.#............
#..^.≈.#...#...^..#...^..........
#.≈....#...#.....................
##.#.#.≈..≈.≈#.#.#≈≈#............
#######..≈###########...........
#≈...^# ##^# ##.......... #.≈.≈^#
#^s# #.......... ###^≈^####.@##
##.....^#.. ##≈##.##.###.$#
#......#.. #......≈..###^#
#...)..... #^.≈.....≈.^#.^#
#.......#. #....#≈...^#..^.##
#^......#. .≈.≈ ##≈.^###≈...#
#......... ... ##### ##...≈#
#.......#. .≈ ##≈..# #....#..#. #
##### #....#....


You could see an emperor scorpion.

Vanquished Creatures
  Arachne (Spider:1)
  Rupert (D:13)
  Jorgrun (Spider:3)
  An acid blob (Slime:1)
  Kirke (D:12)
  An azure jelly (Slime:1)
  4 ghost moths
  The ghost of Yuikono the Devastator, an adept TeAE of Sif Muna (Spider:2)
  3 emperor scorpions
  6 entropy weavers
  Nessos (Lair:4)
  4 spark wasps
  Snorg (Lair:6)
  The ghost of Buenic the Grappler, a journeyman TrTm of Cheibriados (Lair:1)
  Josephine (D:11)
  A great orb of eyes (Depths:1)
  4 vault guards
  3 hydras
  Harold (D:8)
  5 centaur warriors
  2 tengu warriors (D:13)
  7 death yaks
  7 two-headed ogres
  A queen ant (Spider:3)
  A wizard (D:14)
  Pikel (D:8)
  14 orb spiders
  22 wolf spiders
  2 necromancers
  4 deep elf magi
  4 cyclopes
  5 ugly things
  3 manticores
  3 moths of wrath
  Maurice (D:8)
  4 merfolk sirens (Lair:3)
  A torpor snail (Spider:2)
  13 elephants
  Psyche (D:9)
  4 black mambas
  3 centaur zombies
  28 spiny frogs
  2 gargoyles
  11 komodo dragons
  3 rime drakes
  A kobold demonologist (D:14)
  8 demonic crawlers
  4 trolls
  3 meliai (D:15)
  26 jumping spiders
  5 tyrant leeches (Lair:6)
  14 hornets
  Prince Ribbit (D:6)
  12 dream sheep (Lair:6)
  32 blink frogs
  13 hippogriffs
  23 slime creatures
  2 meliai zombies
  A centaur simulacrum (D:15)
  27 tarantellas
  12 spriggans (Lair:4)
  3 wyverns
  57 redbacks
  4 basilisks
  45 yaks
  5 hogs
  A hungry ghost (D:14)
  6 wraiths
  A human (D:11)
  6 vampire mosquitoes
  2 steam dragons
  A warg (shapeshifter) (D:14)
  7 soldier ants
  An acid dragon (D:14)
  12 porcupines
  14 water moccasins
  17 orc warriors
  2 ice beasts
  3 phantoms
  2 elephant zombies (Lair:3)
  7 sky beasts
  12 wolves
  3 boggarts (Lair:4)
  12 ogres
  6 centaurs
  18 crocodiles
  34 bullfrogs
  2 wyvern zombies
  2 wyvern skeletons
  3 scorpions
  11 killer bees
  20 wights
  6 electric eels
  3 howler monkeys (D:11)
  6 crimson imps
  4 bullfrog zombies
  13 hounds
  20 orc wizards
  A gnoll shaman (D:9)
  20 orc priests
  5 jellies
  3 iguanas
  7 centaur skeletons
  Terence (D:2)
  31 worker ants
  4 polar bear simulacra (D:11)
  2 wolf simulacra (D:11)
  3 yak simulacra (D:11)
  2 crocodile zombies (Lair:3)
  2 hound skeletons
  A howler monkey zombie (D:11)
  A worker ant zombie (D:7)
  A howler monkey skeleton (D:5)
  15 gnolls
  10 adders
  6 shadow imps
  3 oozes
  2 adder zombies
  A worm (D:3)
  6 dart slugs
  7 leopard geckos
  72 orcs
  3 ball pythons
  5 giant cockroaches
  10 goblins
  5 hobgoblins
  18 jackals
  11 kobolds
  10 quokkas
  6 bats
  5 frilled lizards
  A leopard gecko zombie (D:5)
  5 quokka skeletons
  11 rats
  2 river rat simulacra (D:11)
  A plant (Lair:6)
1043 creatures vanquished.

Vanquished Creatures (collateral kills)
  A wolf (Lair:6)
  A jelly (Lair:5)
2 creatures vanquished.

Vanquished Creatures (others)
  A yaktaur captain (D:15)
  A dancing weapon (Spider:2)
  A blink frog (Lair:5)
  A human (D:12)
  4 slaves (D:8)
  2 centaurs
  A howler monkey (D:8)
  A bullfrog skeleton (D:8)
  A shadow imp (D:8)
  An orc (D:8)
  21 fungi
  60 plants
95 creatures vanquished.

Grand Total: 1140 creatures vanquished

Notes
Turn   | Place    | Note
-------+----------+-------------------------------------------
     0 | D:1      | coffee the Spriggan Warper began the quest for the Orb.
     0 | D:1      | Reached XP level 1. HP: 10/10 MP: 5/5
   384 | D:1      | Reached skill level 1 in Stealth
   384 | D:1      | Reached XP level 2. HP: 3/14 MP: 6/6
   892 | D:1      | Learned a level 2 spell: Blink
  1107 | D:1      | Reached skill level 2 in Stealth
  1340 | D:1      | Reached XP level 3. HP: 16/18 MP: 8/8
  1749 | D:2      | Found a snail-covered altar of Cheibriados.
  1778 | D:2      | Noticed Terence
  1801 | D:2      | You fall through a shaft!
  1939 | D:3      | Reached XP level 4. HP: 16/23 MP: 9/9
  1951 | D:3      | Reached skill level 1 in Slings
  2723 | D:3      | Reached skill level 3 in Stealth
  2723 | D:3      | Reached XP level 5. HP: 26/26 MP: 10/10
  3165 | D:2      | Killed Terence
  3595 | D:4      | Reached skill level 5 in Translocations
  3595 | D:4      | Reached XP level 6. HP: 30/30 MP: 11/11
  3785 | D:4      | Reached skill level 5 in Dodging
  3786 | D:4      | Found a staircase to the Ecumenical Temple.
  3800 | D:4      | Reached skill level 4 in Stealth
  3828 | D:4      | Reached skill level 1 in Shields
  3899 | Temple   | Entered the Ecumenical Temple
  3904 | Temple   | Became a worshipper of Gozag Ym Sagoz the Greedy
  3939 | D:4      | Reached XP level 7. HP: 22/35 MP: 13/13
  4459 | D:4      | Reached skill level 5 in Stealth
  4499 | D:4      | Found a hazy altar of Hepliaklqana.
  4499 | D:4      | Found a stormy altar of Qazlal.
  4500 | D:4      | Found a glowing silver altar of Zin.
  4624 | D:5      | Entered Level 5 of the Dungeon
  4710 | D:5      | Found a radiant altar of Vehumet.
  5171 | D:5      | Found a glowing golden altar of the Shining One.
  5298 | D:5      | Reached XP level 8. HP: 39/39 MP: 9/14
  5692 | D:5      | Reached skill level 6 in Stealth
  6194 | D:6      | Noticed Prince Ribbit
  6240 | D:6      | HP: 1/39 [orc warrior/mace (1)]
  6270 | D:6      | Reached skill level 5 in Short Blades
  6287 | D:6      | Killed Prince Ribbit
  6969 | D:6      | Found an ornate altar of the Wu Jian Council.
  7023 | D:6      | Reached skill level 7 in Stealth
  7426 | D:7      | Noticed a troll
  7429 | D:7      | Killed a troll
  7429 | D:7      | Reached XP level 9. HP: 43/43 MP: 16/16
  7444 | D:7      | Found Jeakhlaoll's General Store.
  7496 | D:7      | Found an opulent altar of Gozag.
  7575 | D:7      | Reached skill level 5 in Slings
  8371 | D:7      | Reached skill level 8 in Stealth
  8480 | D:7      | Reached skill level 5 in Throwing
  9165 | D:7      | Found Fostoilu's Distillery.
  9440 | D:7      | Found Esigh's Armour Emporium.
  9666 | D:8      | Reached XP level 10. HP: 33/49 MP: 17/17
  9760 | D:8      | Noticed Pikel
  9769 | D:8      | Killed Pikel
  9769 | D:8      | Reached skill level 9 in Stealth
  9777 | D:8      | Noticed Harold
 10097 | D:8      | Killed Harold
 10507 | D:8      | Found a sacrificial altar of Ru.
 10596 | D:8      | Noticed Maurice
 10644 | D:8      | Killed Maurice
 10965 | D:9      | Noticed a death yak
 10974 | D:9      | Noticed a death yak
 10978 | D:9      | Found a staircase to the Lair.
 10978 | D:9      | Noticed a death yak
 11500 | D:9      | Noticed Psyche
 11527 | D:9      | Killed Psyche
 11596 | D:9      | Found a staircase to the Orcish Mines.
 12058 | D:9      | Reached skill level 10 in Stealth
 12346 | D:9      | Found a basalt altar of Yredelemnul.
 12596 | D:9      | Killed a death yak
 12596 | D:9      | Reached skill level 10 in Dodging
 12714 | D:8      | Killed a death yak
 12714 | D:8      | Reached XP level 11. HP: 32/53 MP: 18/18
 14432 | D:8      | Killed a death yak
 14903 | D:9      | Killed a death yak
 15171 | D:10     | Entered Level 10 of the Dungeon
 15523 | D:10     | Noticed a two-headed ogre
 15763 | D:10     | Killed a two-headed ogre
 15763 | D:10     | Reached skill level 11 in Stealth
 15840 | D:10     | Noticed a deep elf mage
 15875 | D:10     | Killed a deep elf mage
 16020 | D:10     | Noticed a two-headed ogre
 16074 | D:10     | Killed a two-headed ogre
 16074 | D:10     | Reached skill level 5 in Shields
 16208 | D:10     | Bought a scroll of enchant armour for 262 gold pieces
 16208 | D:10     | Bought a steaming glass ring for 175 gold pieces
 16208 | D:10     | Bought a potion of heal wounds for 175 gold pieces
 16209 | D:10     | Identified the ring of Ygo Voch {rElec Int+3 Dex+2 Stlth+}
                  | (You bought it in a shop on level 10 of the Dungeon)
 16989 | D:10     | Found Jetarch's Weapon Emporium.
 17187 | D:10     | Noticed a two-headed ogre
 17190 | D:10     | Killed a two-headed ogre
 17869 | D:11     | Noticed Josephine
 17917 | D:11     | Killed Josephine
 18201 | D:11     | Reached XP level 12. HP: 58/58 MP: 19/19
 18212 | D:11     | Found Sushaol's Antique Armour Shoppe.
 18707 | D:11     | Reached skill level 12 in Stealth
 19671 | D:11     | Noticed a two-headed ogre
 19709 | D:11     | Killed a two-headed ogre
 20653 | D:12     | Noticed a two-headed ogre
 20658 | D:12     | Killed a two-headed ogre
 20668 | D:12     | Found Vyett's Weapon Shoppe.
 20704 | D:12     | Noticed a two-headed ogre
 20731 | D:12     | Noticed Kirke
 21373 | D:12     | Noticed a sphinx
 21721 | D:12     | Found Guumyec's Weapon Shop.
 21815 | D:12     | Reached skill level 5 in Fighting
 21862 | D:12     | Killed a two-headed ogre
 21862 | D:12     | Reached skill level 10 in Slings
 22816 | D:12     | Killed Kirke
 22816 | D:12     | Reached skill level 13 in Stealth
 23142 | D:13     | Noticed a tengu warrior
 23143 | D:13     | Noticed a tengu warrior
 23213 | D:13     | Found Noescho's Antique Armour Shop.
 23231 | D:13     | Found Ehogg's Distillery.
 23234 | D:13     | Bought a potion of curing for 45 gold pieces
 23234 | D:13     | Bought a potion of heal wounds for 75 gold pieces
 23234 | D:13     | Bought a potion of curing for 45 gold pieces
 23234 | D:13     | Bought a potion of mutation for 120 gold pieces
 23234 | D:13     | Bought a potion of curing for 45 gold pieces
 23410 | D:13     | Reached XP level 13. HP: 43/63 MP: 20/20
 23589 | D:13     | Found Ytioch's Jewellery Emporium.
 24176 | D:13     | Reached skill level 10 in Short Blades
 24553 | D:13     | Found Nuypaum's Distillery.
 24601 | D:13     | Bought a potion of curing for 42 gold pieces
 24601 | D:13     | Bought a potion of mutation for 112 gold pieces
 24601 | D:13     | Bought a potion of invisibility for 112 gold pieces
 24601 | D:13     | Bought a potion of curing for 42 gold pieces
 24646 | D:13     | Found Patiofue's Antique Armour Emporium.
 25090 | D:14     | Found a gate to the Vaults.
 25700 | D:14     | Gained mutation: You are weak. (Str -2) [potion of
                  | mutation]
 25700 | D:14     | Gained mutation: You are somewhat resistant to further
                  | mutation. [potion of mutation]
 25701 | D:14     | Lost mutation: You are weak. (Str -2) [potion of mutation]
 25701 | D:14     | Lost mutation: You are somewhat resistant to further
                  | mutation. [potion of mutation]
 25701 | D:14     | Gained mutation: You are occasionally teleported next to
                  | monsters. [potion of mutation]
 25701 | D:14     | Gained mutation: You are somewhat resistant to further
                  | mutation. [potion of mutation]
 26190 | D:14     | Noticed Rupert
 26548 | D:13     | Killed Rupert
 26718 | D:14     | Reached skill level 14 in Stealth
 27421 | D:14     | Found a white marble altar of Elyvilon.
 27462 | D:14     | Bought a scroll of identify for 36 gold pieces
 27462 | D:14     | Bought a potion of mutation for 144 gold pieces
 27462 | D:14     | Bought a potion of curing for 54 gold pieces
 27462 | D:14     | Lost mutation: You are somewhat resistant to further
                  | mutation. [potion of mutation]
 27462 | D:14     | Lost mutation: You are occasionally teleported next to
                  | monsters. [potion of mutation]
 27462 | D:14     | Gained mutation: You have a pair of small horns on your
                  | head. [potion of mutation]
 27462 | D:14     | Gained mutation: You are covered in fur. (AC +1) [potion of
                  | mutation]
 27462 | D:14     | Gained mutation: You are resistant to hostile enchantments.
                  | (MR+) [potion of mutation]
 27965 | D:14     | Learned a level 3 spell: Teleport Other
 27987 | D:15     | Entered Level 15 of the Dungeon
 28809 | D:15     | Reached skill level 1 in Evocations
 28820 | D:15     | Reached XP level 14. HP: 57/69 MP: 21/21
 28861 | D:15     | Found a staircase to the Depths.
 30131 | D:15     | Found an opulent altar of Gozag.
 30623 | Depths:1 | Entered Level 1 of the Depths
 31151 | Lair:1   | Entered Level 1 of the Lair of Beasts
 31333 | Lair:1   | Found a large runed door.
 31333 | Lair:1   | Found a large runed door.
 31337 | Lair:1   | Noticed Buenic's ghost (journeyman TrTm)
 31399 | Lair:1   | Found a labyrinth entrance.
 31612 | Lair:1   | Reached skill level 10 in Throwing
 31787 | Lair:1   | Killed Buenic's ghost
 31787 | Lair:1   | Reached skill level 5 in Spellcasting
 32065 | Lair:2   | Reached skill level 15 in Stealth
 33985 | Lair:3   | Found a hole to the Spider Nest.
 34384 | Lair:3   | Found a staircase to the Shoals.
 35714 | Lair:3   | Reached XP level 15. HP: 72/73 MP: 24/24
 36198 | Spider:1 | Entered Level 1 of the Spider Nest
 37460 | Lair:4   | Noticed Nessos
 37467 | Lair:4   | Killed Nessos
 38363 | Lair:5   | Reached skill level 15 in Dodging
 38699 | Lair:5   | Found a staircase to the Slime Pits.
 38926 | Lair:5   | Reached skill level 16 in Stealth
 39421 | Slime:1  | Entered Level 1 of the Pits of Slime
 39421 | Slime:1  | Noticed an acid blob
 39423 | Slime:1  | Killed an acid blob
 39423 | Slime:1  | Reached skill level 5 in Evocations
 39679 | Lair:6   | Entered Level 6 of the Lair of Beasts
 39679 | Lair:6   | Noticed Snorg
 40364 | Lair:5   | HP: 3/74 [blink frog (19)]
 40372 | Lair:5   | HP: 2/74 [poisoned by a spiny frog]
 40380 | Lair:5   | HP: 2/74 [poisoned by a spiny frog]
 40388 | Lair:5   | HP: 2/74 [poisoned by a spiny frog]
 42257 | Lair:6   | Killed Snorg
 42372 | Lair:6   | Bought a scroll of teleportation for 39 gold pieces
 42372 | Lair:6   | Bought a scroll of enchant weapon for 97 gold pieces
 42375 | Lair:6   | Bought a translucent dagger for 252 gold pieces
 42375 | Lair:6   | Bought a glowing fustibalus for 648 gold pieces
 42679 | Lair:6   | Identified the +10 dagger of Gloom {vamp, *Drain rElec
                  | rPois Int+4} (You bought it in a shop on level 6 of the
                  | Lair of Beasts)
 43070 | Lair:6   | Found a runed door.
 43070 | Lair:6   | Found a shimmering altar of Xom.
 43070 | Lair:6   | Noticed emiel's ghost (journeyman DsHu)
 44023 | Slime:1  | Reached XP level 16. HP: 79/79 MP: 27/27
 44248 | Slime:2  | Noticed an acid blob
 44650 | Slime:1  | Noticed an acid blob
 44658 | Slime:1  | Noticed an acid blob
 47412 | Spider:2 | Found a runed door.
 47412 | Spider:2 | Noticed Arachne
 47774 | Spider:1 | Reached skill level 17 in Stealth
 49324 | Spider:2 | Found a shimmering altar of Xom.
 49324 | Spider:2 | Noticed Yuikono's ghost (adept TeAE)
 49332 | Spider:2 | Killed Yuikono's ghost
 49732 | Spider:1 | HP: 3/80 [Arachne/poison arrow (28)]
 50171 | Spider:1 | Killed Arachne
 51106 | Spider:2 | Got a bloodstained hunting sling
 51107 | Spider:2 | Identified the +5 hunting sling "Xieman" {speed, rN+ Dex+2}
                  | (You found it on level 2 of the Spider Nest)
 53444 | Spider:3 | Noticed Jorgrun
 53849 | Spider:3 | Killed Jorgrun
 54465 | Spider:4 | Entered Level 4 of the Spider Nest
 54527 | Spider:4 | Reached skill level 15 in Slings
 55081 | Spider:3 | Reached XP level 17. HP: 44/85 MP: 17/28
 56021 | Spider:4 | Reached skill level 18 in Stealth
 56920 | Spider:4 | Got a gossamer rune of Zot
 56997 | Spider:4 | Slain by an emperor scorpion

Skill      XL: |  1  2  3  4  5  6  7  8  9 10 11 12 13 14 15 16 17 |
---------------+----------------------------------------------------+-----
Stealth        | 1 2 3 4 5 7 8 10 11 13 14 15 16 17 18 | 18.2
Dodging        | 4 5 6 7 8 10 11 12 13 14 15 16 17 | 17.1
Slings         | 1 2 3 4 6 7 9 10 11 12 13 15 | 15.7
Short Blades   | 3 4 5 6 7 8 9 10 11 12 13 | 13.6
Throwing       | 2 3 4 5 6 7 8 9 10 11 12 | 12.4
Spellcasting   | 3 4 5 6 7 |  7.0
Fighting       | 2 3 4 5 6 7 8 |  8.2
Translocations | 5 6 8 9 |  9.2
Shields        | 1 2 3 4 5 6 7 |  7.2
Evocations     | 1 4 6 7 |  7.9

Action                   |  1- 3 |  4- 6 |  7- 9 | 10-12 | 13-15 | 16-18 || total
-------------------------+-------+-------+-------+-------+-------+-------++-------
Melee: Short sword       |    93 |   203 |   171 |    46 |       |       ||   513
       Dagger            |    25 |       |   415 |   560 |   632 |   313 ||  1945
       Rapier            |       |       |       |  1078 |  1875 |   207 ||  3160
       Headbutt          |       |       |       |       |   488 |   136 ||   624
       Hunting sling     |       |       |       |       |       |     1 ||     1
 Fire: Hunting sling     |    12 |       |   304 |   507 |   615 |   938 ||  2376
       Blowgun           |       |       |       |    61 |    56 |    17 ||   134
       Fustibalus        |       |       |       |       |   343 |   449 ||   792
Throw: Tomahawk          |     5 |       |       |       |       |    24 ||    29
       Throwing net      |       |       |       |     2 |     1 |       ||     3
       Stone             |       |       |       |     1 |     6 |       ||     7
 Cast: Blink             |     1 |       |    23 |    44 |    33 |   104 ||   205
       Teleport Other    |       |       |       |       |     5 |       ||     5
Invok: Call Merchant     |       |       |       |     1 |     4 |     1 ||     6
Evoke: Wand              |       |       |     4 |    29 |    36 |    41 ||   110
       Lamp of fire      |       |       |       |       |     1 |     3 ||     4
  Use: Scroll            |       |     8 |     8 |    11 |    14 |    12 ||    53
       Potion            |       |       |     4 |     4 |     6 |    13 ||    27
 Stab: Sleeping          |     1 |     6 |    13 |    22 |    41 |    13 ||    96
       Distracted        |       |       |     2 |    13 |    38 |     6 ||    59
       Petrified         |       |       |       |     3 |       |       ||     3
       Confused          |       |       |       |     2 |     2 |       ||     4
       Paralysed         |       |       |       |     1 |     6 |     4 ||    11
       Petrifying        |       |       |       |     1 |     1 |       ||     2
       Held in net/web   |       |       |       |       |     1 |     2 ||     3
  Eat: Ration            |       |     1 |     4 |     8 |    13 |     8 ||    34
Armor: Robe              |     7 |    24 |    46 |    63 |    80 |    32 ||   252
Dodge: Dodged            |    95 |   148 |   446 |  1000 |  1516 |   878 ||  4083
Block: Buckler           |       |    36 |   220 |   685 |  1180 |   555 ||  2676
       Reflection        |       |       |     4 |    14 |    11 |     5 ||    34
